[Event "1000GM Winter GM Norm-2 2024"]
[Site "Sunnyvale/"]
[Date "2024.01.06"]
[Round "8.4"]
[White "Amburgy, Ryan"]
[Black "Xu, Yi"]
[Result "1/2-1/2"]
[ECO "E06"]
[WhiteElo "2200"]
[BlackElo "2511"]
[Annotator "TA"]
[PlyCount "41"]
[EventDate "2023.12.14"]
[EventType "schev"]
[EventCountry "USA"]
[SourceTitle "playchess.com"]
[Source "ChessBase"]
[SourceQuality "1"]
[TimeControl "5400+30"]

1. Nf3 Nf6 2. g3 d5 3. Bg2 e6 4. c4 Be7 5. d4 O-O 6. Nc3 dxc4 7. Ne5 c5 8. dxc5 Qxd1+ {[%emt 0:00:33] The position is equal.} 9. Nxd1 {[%emt 0:00:06] E06: Closed Catalan: Early deviations.} Bxc5 10. Ne3 Nbd7 11. N3xc4 Nxe5 12. Nxe5 Bd4 13. Nd3 Nd5 {[%emt 0:04:29] [#]} 14. O-O $146 ({Predecessor:} 14. e3 Bb6 15. Bd2 Rd8 16. Ke2 Bd7 17. a4 Bc6 18. Rhc1 Rac8 19. e4 Nf6 20. f3 {1-0 Bocharov,D (2521)-Nozdrachev,V (2507) Cheliabinsk Kurnosov Memorial Rapid-A 2022 (8)}) 14... b6 15. Nf4 Bb7 16. Nxd5 Bxd5 17. Bxd5 exd5 18. Rd1 Bf6 19. Rxd5 Rfd8 20. Rxd8+ Rxd8 21. Be3 {[%emt 0:00:02] Not much happened in this game.   Weighted Error Value: White=0.04 (flawless) /Black=0.03 (flawless)} 1/2-1/2

[Event "1000GM Winter GM Norm-2 2024"]
[Site "Sunnyvale/"]
[Date "2024.01.06"]
[Round "8.5"]
[White "Guo, Andrew"]
[Black "Delgado Ramirez, Neuris"]
[Result "0-1"]
[ECO "E08"]
[WhiteElo "2255"]
[BlackElo "2517"]
[Annotator "TA"]
[PlyCount "76"]
[EventDate "2023.12.14"]
[EventType "schev"]
[EventCountry "USA"]
[SourceTitle "playchess.com"]
[Source "ChessBase"]
[SourceQuality "1"]
[TimeControl "5400+30"]

1. d4 Nf6 2. c4 e6 3. Nf3 d5 4. g3 Bb4+ 5. Bd2 Be7 6. Bg2 O-O 7. O-O c6 8. Qc2 a5 9. Bf4 Nbd7 10. Rd1 {[%emt 0:01:20] E08: Closed Catalan: Main Line: 7 Qc2.} Nh5 11. Bd2 Nhf6 12. Bf4 {[%emt 0:04:07] The position is equal. The old main line.} a4 13. Ne5 Nxe5 14. Bxe5 (14. dxe5 $14 Ng4 15. h3) 14... Nh5 $11 15. Nd2 (15. g4 $11 f6 16. Bg3 Nxg3 17. hxg3) 15... f6 $15 16. Bf4 Nxf4 17. gxf4 {[%emt 0:00:01] [#]} Bd7 $146 ({Predecessor:} 17... Qd6 18. b3 Bd7 19. Rac1 g6 20. Nf3 h5 21. cxd5 cxd5 22. Qc7 Rfc8 23. Qxd6 Bxd6 {½-½ Djokic,N (2246)-Atalik,S (2441) Belgrade Radnicki IM 03 2023 (2)}) 18. e3 Kh8 19. Rac1 Bd6 20. f5 Qe8 (20... exf5 $6 21. cxd5 cxd5 22. Bxd5 $11) 21. fxe6 Bxe6 22. cxd5 cxd5 23. Qd3 ({White should try} 23. Re1) 23... g5 (23... Qh5 $142 {Strongly threatening ...Bf5.} 24. Nf1 f5) 24. b3 (24. Qe2 $17) 24... f5 25. Nf3 f4 26. Ne5 Bxe5 (26... Qh5 $17 {White must now prevent ...f3.} 27. e4 Bxe5 28. dxe5 f3 29. exd5 Qg4 {[%mdl 64] Pin}) 27. dxe5 $11 f3 28. Bf1 Qh5 {[%emt 0:00:30] And now ...Rg8 would win.} 29. Qd4 $2 (29. Qb5 $11) 29... axb3 $2 (29... Rg8 $1 $19 {has better winning chances. ...axb3 would be deadly.} 30. Rc5 (30. bxa4 Rg6 $19) 30... axb3 31. axb3 Rae8) 30. axb3 $17 Rg8 $1 {[%emt 0:02:59][%cal Bf8g8,Bg8g6,Bg6h6][%mdl 32] Threatens to win with ...Rg6. Black is more active.} 31. Rc7 $2 {[%emt 0:14:13] [#]} (31. Ra1 $1 $15) 31... Rg6 $1 $19 {[%emt 0:00:39] aiming for ...Rh6.} 32. e4 ({Much weaker is} 32. Rxb7 Rh6 33. h3 g4 $19) (32. Rd7 $142 g4 33. Rxd5 Bxd5 34. e6+ Kg8 35. Qxd5 Qxd5 36. Rxd5) 32... Rh6 33. h3 (33. exd5 $2 Qxh2#) 33... g4 34. exd5 gxh3 35. Kh2 (35. dxe6 {leads to mate.} Qg5+) 35... Rg8 $1 {[%emt 0:00:20][%cal Oh5g5] ( -> ...Qg5!)} 36. Qf4 {[%emt 0:06:56] [#]} (36. dxe6 {is a self mate.} Qg5) (36. Rc8 $19 Rxc8 37. dxe6 Rxe6 38. Qf4) 36... Rg2+ $1 {[%emt 0:00:14][%mdl 576] Double Attack. Black mates.} 37. Kh1 {[%emt 0:00:04] [#]} h2 $1 38. Qf8+ Bg8 {[%emt 0:01:36] An entertaining game by Delgado Ramirez.   Weighted Error Value: White=0.64/Black=0.15 (very precise)} 0-1

[Event "1000GM Winter GM Norm-2 2024"]
[Site "Sunnyvale/"]
[Date "2024.01.06"]
[Round "8.6"]
[White "Lou, Yiping"]
[Black "Shivakumar, Shawnak"]
[Result "1/2-1/2"]
[ECO "A11"]
[WhiteElo "2447"]
[BlackElo "2307"]
[Annotator "RC"]
[PlyCount "39"]
[EventDate "2023.12.14"]
[EventType "schev"]
[EventCountry "USA"]
[SourceTitle "playchess.com"]
[Source "ChessBase"]
[SourceQuality "1"]
[TimeControl "5400+30"]

1. Nf3 Nf6 2. g3 d5 3. Bg2 Bf5 4. O-O e6 5. d3 h6 6. c4 c6 7. Qb3 Qb6 8. Be3 Qxb3 9. axb3 a6 10. Bd4 Nbd7 11. Bc3 Bd6 12. Nbd2 e5 13. cxd5 cxd5 14. e4 dxe4 15. Nc4 Bc7 16. Nfxe5 Nxe5 17. Bxe5 Bxe5 18. Nxe5 O-O 19. dxe4 Bxe4 20. Rfd1 1/2-1/2

[Event "1000GM Winter GM Norm-2 2024"]
[Site "Sunnyvale/"]
[Date "2024.01.06"]
[Round "8.7"]
[White "Nagy, Gabor"]
[Black "Sathish, Pranav"]
[Result "1/2-1/2"]
[ECO "A81"]
[WhiteElo "2450"]
[BlackElo "2357"]
[Annotator "RC"]
[PlyCount "21"]
[EventDate "2023.12.14"]
[EventType "schev"]
[EventCountry "USA"]
[SourceTitle "playchess.com"]
[Source "ChessBase"]
[SourceQuality "1"]
[TimeControl "5400+30"]

1. d4 f5 2. Nf3 Nf6 3. g3 g6 4. Bg2 Bg7 5. O-O O-O 6. Nbd2 Nc6 7. c3 a5 8. Ne1 d5 9. Nd3 e6 10. Nf3 b6 11. a4 1/2-1/2

[Event "1000GM Winter GM Norm-2 2024"]
[Site "Sunnyvale/"]
[Date "2024.01.06"]
[Round "8.8"]
[White "Mosquera, Miguel"]
[Black "Liu, Eric"]
[Result "0-1"]
[ECO "B53"]
[WhiteElo "2365"]
[BlackElo "2332"]
[Annotator "RC"]
[PlyCount "88"]
[EventDate "2023.12.14"]
[EventType "schev"]
[EventCountry "USA"]
[SourceTitle "playchess.com"]
[Source "ChessBase"]
[SourceQuality "1"]
[TimeControl "5400+30"]

1. e4 c5 2. Nf3 d6 3. d4 cxd4 4. Qxd4 a6 5. Bg5 Nd7 6. Nc3 Ngf6 7. Nd5 e6 8. Nxf6+ Nxf6 9. O-O-O Be7 10. Kb1 b5 11. Bxf6 gxf6 12. g3 Rb8 13. Qe3 Qb6 14. Nd4 Qc5 15. Bg2 Bd7 16. Rhe1 a5 17. Rd2 a4 18. Red1 b4 19. Nf5 Qxe3 20. Nxe3 Bb5 21. Rd4 O-O 22. Bf1 Bxf1 23. Rxf1 Rfc8 24. Rfd1 Kg7 25. b3 axb3 26. cxb3 Rc3 27. Rc4 Rxc4 28. Nxc4 Rd8 29. Ne3 f5 30. exf5 d5 31. fxe6 fxe6 32. f4 Kf6 33. Re1 h5 34. Nc2 Bc5 35. Re2 h4 36. Ne1 hxg3 37. hxg3 Rg8 38. Nd3 Bd4 39. Rg2 Kf5 40. Kc2 Ke4 41. Re2+ Be3 42. Nxb4 d4 43. g4 d3+ 44. Nxd3 Rc8+ 0-1

[Event "1000GM Winter GM Norm-2 2024"]
[Site "Sunnyvale/"]
[Date "2024.01.07"]
[Round "9.3"]
[White "Xu, Yi"]
[Black "Wang, Isaac"]
[Result "1-0"]
[ECO "B41"]
[WhiteElo "2511"]
[BlackElo "2316"]
[Annotator "TA"]
[PlyCount "77"]
[EventDate "2023.12.14"]
[EventType "schev"]
[EventCountry "USA"]
[SourceTitle "playchess.com"]
[Source "ChessBase"]
[SourceQuality "1"]
[TimeControl "5400+30"]

1. e4 c5 2. Nf3 e6 3. d4 cxd4 4. Nxd4 a6 5. c4 Nf6 6. Nc3 Bb4 7. Qd3 {[%emt 0:00:44] B41: Sicilian: Kan Variation: 5 c4.} O-O 8. e5 Ne8 9. Bf4 {[%emt 0:00:28] White has an edge.} d6 10. exd6 Bxd6 11. Nf3 {[%emt 0:00:22] next Rd1 is good for White.} Nc6 {[%emt 0:02:07] [#]} (11... Qc7 {seems wilder.} 12. Ng5 f5 13. Bxd6 Nxd6 14. Qe3 f4) 12. Bxd6 $146 ({Much weaker is} 12. Ng5 g6 13. Be3 (13. Qh3 h5 $15) 13... Qa5 $11) ({Predecessor:} 12. Ng5 f5 13. Bxd6 Nxd6 14. f4 h6 15. Nf3 Nb4 16. Qd2 Ne4 17. Qxd8 Rxd8 18. Rc1 {½-½ Fuchs,F (2096)-Lohvinov,P (2237) Bavaria-ch 94th 2023 (2)}) 12... Qxd6 13. Qxd6 Nxd6 14. O-O-O Rd8 15. c5 Ne8 16. Rxd8 Nxd8 17. Na4 Nc6 18. Nb6 Rb8 19. Be2 Kf8 20. Rd1 Ke7 21. Nd4 {[%emt 0:04:30] White has more active pieces. The black rooks are badly placed.} Nxd4 22. Rxd4 Nf6 $1 23. Rb4 {[%emt 0:05:41] Nxc8+ is the strong threat.} Kd8 24. g4 h6 25. h4 $36 {[%emt 0:03:56][%cal Bh2h4,Bh4g5][%mdl 2080] White is more active.} Bd7 (25... Kc7 $11 {keeps the balance.}) 26. g5 $16 hxg5 27. hxg5 Nd5 28. Nxd5 exd5 {[%emt 0:00:03] [#]} 29. Bxa6 $1 {[%emt 0:00:10][%mdl 4096] Endgame KRB-KRB} Rc8 30. Bxb7 ({Much worse is} 30. Rxb7 $6 Rxc5+ 31. Kd2 Ra5 $11) 30... Rxc5+ 31. Kd2 Kc7 32. a3 Ra5 {[%emt 0:00:36] Prevents Ba6.} 33. Ke3 Bf5 {[%emt 0:03:55] [#]} (33... Bh3 $16 {was necessary.} 34. f3 Bg2) 34. f3 $1 $18 Be6 35. Kd4 Kd7 (35... f6 $142) 36. f4 g6 $2 (36... Kc7 37. Ke5 Kd7) 37. a4 Kd6 $2 (37... Kc7 38. Ke5 Kd7) 38. Rb6+ Kc7 39. Ra6 {[%emt 0:00:16] Weighted Error Value: White=0.04 (flawless) /Black=0.20 (precise)} 1-0

[Event "1000GM Winter GM Norm-2 2024"]
[Site "Sunnyvale/"]
[Date "2024.01.07"]
[Round "9.4"]
[White "Delgado Ramirez, Neuris"]
[Black "Amburgy, Ryan"]
[Result "1-0"]
[ECO "A05"]
[WhiteElo "2517"]
[BlackElo "2200"]
[Annotator "TA"]
[PlyCount "111"]
[EventDate "2023.12.14"]
[EventType "schev"]
[EventCountry "USA"]
[SourceTitle "playchess.com"]
[Source "ChessBase"]
[SourceQuality "1"]
[TimeControl "5400+30"]

1. Nf3 d5 2. g3 g6 3. Bg2 Bg7 4. O-O Nf6 5. b3 c5 6. Bb2 Nc6 7. Ne5 {[%emt 0:00:39] A05: Réti Opening: 1 Nf3 Nf6.} Nxe5 8. Bxe5 O-O 9. e3 {[%emt 0:00:13] The position is equal.} Bf5 {[%emt 0:00:52] [#]} 10. Nc3 $146 ({Predecessor:} 10. d3 Qd7 11. Nd2 Bh3 12. Qe2 Bxg2 13. Kxg2 Rac8 14. Rfe1 b5 15. a4 a6 16. Ra2 {1-0 Tasdogen,D (2303)-Burcu,C (2374) TUR-chT 2nd League 2023 (5.12)}) 10... Ne4 11. Bxg7 Kxg7 12. Ne2 Rc8 13. g4 Be6 (13... Bxg4 14. f3 $16) 14. Nf4 Qd6 {[%emt 0:02:05] [#]} (14... c4 $11 {keeps the balance.}) 15. c4 $1 $16 {[%emt 0:01:16] And now cxd5 would win.} f5 (15... g5 16. Nxd5) 16. cxd5 Bd7 (16... Bxd5 $2 17. Nxd5 Qxd5 18. d3 $18) 17. d3 Ng5 18. gxf5 Bxf5 19. Rc1 b5 (19... b6 $14) 20. Qd2 Bd7 21. Kh1 e5 22. dxe6 Nxe6 23. Qb2+ Kh6 24. Nxe6 Bxe6 25. f4 Bg4 26. Qf2 Kg7 27. h3 Bd7 28. e4 Qd4 29. Qg3 Kh8 30. Rc2 c4 31. dxc4 bxc4 32. bxc4 Rxc4 33. Rxc4 Qxc4 34. Qa3 Rf7 35. Rd1 Kg7 {[%emt 0:01:48] [#]} (35... Qc7 $16 36. f5 gxf5) 36. Qb2+ $1 $18 ({Stronger than} 36. Qxa7 Bxh3 37. Qd4+ Qxd4 38. Rxd4 Bxg2+ 39. Kxg2 Rxf4 $11) 36... Kh6 {[%emt 0:00:18] [#]} (36... Kg8 $142 37. f5 Qb5) 37. f5 $1 {[%emt 0:01:27][%mdl 512] fxg6 would be deadly.} Qc5 (37... Qc7 $142 38. a3 gxf5) (37... Bc6 38. Qe5) 38. f6 $2 (38. Rd5 $18 Qc7 39. fxg6 Kxg6 40. e5) 38... Bc6 $2 {[%emt 0:02:34] This costs Black the game.} (38... Be6 $16 39. Rf1 g5) 39. Qd2+ Qg5 40. Qxg5+ Kxg5 {[%emt 0:00:01][%mdl 4096] Endgame KRB-KRB} 41. Rd6 ({Resist} 41. e5 $6 Bxg2+ 42. Kxg2 Kf5 $16) 41... Bb7 (41... Bd7 {might work better.}) 42. e5 {[%emt 0:01:29] Hoping for e6.} Kf5 (42... Bc8 $142 43. e6 Bxe6) 43. e6 Bxg2+ 44. Kxg2 Rxf6 45. e7 Rxd6 46. e8=Q {[%emt 0:00:07] Intending Qf7+ and mate. KQ-KR} (46. e8=R $2 {loses.} Rd2+ 47. Kf3 Rxa2 $19) 46... a6 47. Qf7+ Ke5 48. Qxh7 {[%emt 0:00:25] White wants to mate with Qc7.} Kf6 49. Kf3 Rd5 50. Qh4+ {[%emt 0:00:25] ?ev?.} Kg7 51. Qe7+ Kh6 52. Qf8+ Kg5 {[%emt 0:00:03] [#]} 53. h4+ $1 Kxh4 54. Qh6+ Rh5 55. Qf4+ Kh3 56. Qg3# {[%emt 0:00:39] Weighted Error Value: White=0.18 (very precise) /Black=0.61} 1-0

[Event "1000GM Winter GM Norm-2 2024"]
[Site "Sunnyvale/"]
[Date "2024.01.07"]
[Round "9.5"]
[White "Lou, Yiping"]
[Black "Guo, Andrew"]
[Result "1-0"]
[ECO "E71"]
[WhiteElo "2447"]
[BlackElo "2255"]
[Annotator "RC"]
[PlyCount "71"]
[EventDate "2023.12.14"]
[EventType "schev"]
[EventCountry "USA"]
[SourceTitle "playchess.com"]
[Source "ChessBase"]
[SourceQuality "1"]
[TimeControl "5400+30"]

1. d4 Nf6 2. c4 g6 3. Nc3 Bg7 4. e4 d6 5. h3 O-O 6. Be3 e5 7. d5 a5 8. g4 Na6 9. Nge2 Nc5 10. Ng3 Qe7 11. Be2 c6 12. g5 Nfd7 13. h4 cxd5 14. cxd5 b6 15. h5 Nb8 16. Kf1 Bd7 17. Kg2 Nba6 18. Rh2 Rfb8 19. Nb5 Bf8 20. Bc4 Rc8 21. Qe2 Nc7 22. hxg6 fxg6 23. Rah1 Nxb5 24. Bxb5 Rc7 25. Rxh7 Qxh7 26. Rxh7 Kxh7 27. Bxd7 Rxd7 28. Qg4 Raa7 29. Bxc5 bxc5 30. Qe6 Rdb7 31. b3 Rb6 32. Nf5 a4 33. Qe8 axb3 34. Qxf8 bxa2 35. Nh6 Rg7 36. Ng4 1-0

[Event "1000GM Winter GM Norm-2 2024"]
[Site "Sunnyvale/"]
[Date "2024.01.07"]
[Round "9.6"]
[White "Shivakumar, Shawnak"]
[Black "Mosquera, Miguel"]
[Result "1/2-1/2"]
[ECO "D17"]
[WhiteElo "2307"]
[BlackElo "2365"]
[Annotator "RC"]
[PlyCount "67"]
[EventDate "2023.12.14"]
[EventType "schev"]
[EventCountry "USA"]
[SourceTitle "playchess.com"]
[Source "ChessBase"]
[SourceQuality "1"]
[TimeControl "5400+30"]

1. d4 d5 2. c4 c6 3. Nf3 Nf6 4. Nc3 dxc4 5. a4 Bf5 6. Ne5 e6 7. f3 Bb4 8. e4 Bxe4 9. fxe4 Nxe4 10. Bd2 Qxd4 11. Nxe4 Qxe4+ 12. Qe2 Bxd2+ 13. Kxd2 Qd4+ 14. Kc2 Na6 15. Rd1 Qc5 16. Qe4 Nb4+ 17. Kb1 c3 18. Bd3 O-O-O 19. Bc2 Nxc2 20. Kxc2 cxb2+ 21. Kxb2 f5 22. Nd3 Qb6+ 23. Qb4 Qxb4+ 24. Nxb4 e5 25. Kc3 Kc7 26. Rde1 e4 27. g4 g6 28. gxf5 gxf5 29. Rhf1 Rhf8 30. Nc2 Kd6 31. Nd4 Ke5 32. Nf3+ Kf6 33. Nd4 Ke5 34. Nf3+ 1/2-1/2

[Event "1000GM Winter GM Norm-2 2024"]
[Site "Sunnyvale/"]
[Date "2024.01.07"]
[Round "9.7"]
[White "Liu, Eric"]
[Black "Nagy, Gabor"]
[Result "0-1"]
[ECO "C54"]
[WhiteElo "2332"]
[BlackElo "2450"]
[Annotator "RC"]
[PlyCount "48"]
[EventDate "2023.12.14"]
[EventType "schev"]
[EventCountry "USA"]
[SourceTitle "playchess.com"]
[Source "ChessBase"]
[SourceQuality "1"]
[TimeControl "5400+30"]

1. e4 e5 2. Nf3 Nc6 3. Bc4 Bc5 4. c3 Nf6 5. d3 O-O 6. Nbd2 d5 7. exd5 Nxd5 8. Ne4 Be7 9. a4 Kh8 10. a5 f5 11. Neg5 Bxg5 12. Nxg5 f4 13. h4 Bf5 14. Qb3 Nde7 15. Qc2 Qe8 16. b4 b5 17. axb6 cxb6 18. Qe2 Rd8 19. h5 Nd5 20. Bd2 h6 21. Ne4 Nf6 22. Bc1 Nd5 23. Bb2 Be6 24. Qc2 Bf5 0-1

[Event "1000GM Winter GM Norm-2 2024"]
[Site "Sunnyvale/"]
[Date "2024.01.07"]
[Round "9.8"]
[White "Sathish, Pranav"]
[Black "Miezis, Normunds"]
[Result "1/2-1/2"]
[ECO "B40"]
[WhiteElo "2357"]
[BlackElo "2419"]
[Annotator "RC"]
[PlyCount "51"]
[EventDate "2023.12.14"]
[EventType "schev"]
[EventCountry "USA"]
[SourceTitle "playchess.com"]
[Source "ChessBase"]
[SourceQuality "1"]
[TimeControl "5400+30"]

1. e4 c5 2. Nf3 e6 3. b3 b6 4. Bb2 Bb7 5. Nc3 Nc6 6. d4 cxd4 7. Nxd4 Nf6 8. Nxc6 dxc6 9. Bd3 Bd6 10. Qe2 e5 11. Nd1 b5 12. O-O O-O 13. Ne3 Re8 14. Rad1 g6 15. Qf3 Qe7 16. Qh3 Rad8 17. Qh6 Bc5 18. Bc1 Bc8 19. Qh4 Nh5 20. Qxe7 Bxe7 21. g3 Bc5 22. c3 a6 23. Bc2 Nf6 24. f3 h5 25. h4 Be6 26. Rxd8 1/2-1/2